[Event "November 21 Late 2023"]
[Site "https://www.chess.com"]
[Date "2023.11.21"]
[Round "8"]
[White "Cristi_Coca"]
[Black "Arnold, Ken"]
[Result "0-1"]
[Board "83"]
[TimeControl "180+1"]
[BlackFideId "2056836"]
[WhiteElo "2498"]
[BlackElo "2421"]
[BlackTeam "USA"]
[WhiteClock "0:00:05"]
[BlackClock "0:00:31"]

1. e4 c6 2. d4 d5 3. Nc3 dxe4 4. Nxe4 Bf5 5. Ng3 Bg6 6. N1e2 e6 7. Nf4 Bd6 8. c3 Qc7 9. Ngh5 Bxh5 10. Nxh5 g6 11. Ng3 Nd7 12. Ne4 Ngf6 13. Nxd6+ Qxd6 14. Qf3 O-O-O 15. Bf4 e5 16. dxe5 Nxe5 17. Qh3+ Nfd7 18. Be2 Nd3+ 19. Bxd3 Qxf4 20. O-O f5 21. Rfe1 Ne5 22. Bf1 Rd2 23. Qg3 Qxg3 24. hxg3 Ng4 25. Re2 Rhd8 26. Rae1 h5 27. f3 Nf6 28. c4 Kc7 29. Re6 R8d6 30. Re7+ Nd7 31. R1e2 c5 32. Kf2 Kd8 33. Re8+ Kc7 34. Re7 Kd8 35. Rg7 Rxe2+ 36. Bxe2 Ne5 37. Rxb7 Rd2 38. a4 Nxc4 39. Ke1 Rxb2 40. Rxa7 Ne3 41. Kf2 Nc2 42. Bf1 g5 43. a5 f4 44. gxf4 gxf4 45. a6 Ne3+ 46. Kg1 Rb1 47. Rb7 Rxf1+ 48. Kh2 Kc8 49. Rf7 Nd5 50. a7 Ra1 51. Rf8+ Kb7 52. Rf7+ Nc7 53. Rxf4 Rxa7 54. Rf5 Kc6 55. Rxh5 c4 56. Kg3 c3 57. Kf4 c2 58. Rh1 Kc5 59. Rc1 Nd5+ 60. Ke4 Ra4+ 61. Ke5 Ra2 62. f4 Nc3 63. f5 Ne2 64. Rxc2+ Rxc2 65. f6 Nd4 66. f7 Rf2 0-1

[Event "November 21 Late 2023"]
[Site "https://www.chess.com"]
[Date "2023.11.21"]
[Round "8"]
[White "Kostiukov, Alexandr"]
[Black "Kochiev, Ivan"]
[Result "1-0"]
[Board "84"]
[TimeControl "180+1"]
[WhiteFideId "14108100"]
[BlackFideId "2917890"]
[WhiteElo "2144"]
[BlackElo "2285"]
[WhiteTeam "UKR"]
[BlackTeam "BUL"]
[WhiteClock "0:00:16"]
[BlackClock "0:00:01"]

1. g3 Nf6 2. Bg2 d5 3. d3 Bf5 4. Nc3 e6 5. e4 Bg6 6. Qe2 Be7 7. Nh3 O-O 8. Nf4 dxe4 9. dxe4 Nc6 10. O-O Bc5 11. Rd1 Qe7 12. e5 Nd7 13. Bxc6 bxc6 14. Nxg6 fxg6 15. Ne4 Nxe5 16. Bg5 Qf7 17. Bf4 Bd6 18. Rxd6 Nf3+ 19. Qxf3 cxd6 20. Nxd6 Qf6 21. Qc3 Qe7 22. Ne4 Rad8 23. Be3 Rf3 24. Bg5 Rxc3 25. Bxe7 Re8 26. Nxc3 Rxe7 27. Rd1 Rb7 28. b3 h6 29. Rd6 Kf7 30. Rxc6 e5 31. Rc4 Rd7 32. Re4 Kf6 33. Re3 Rd2 34. Ne4+ 1-0

[Event "November 21 Late 2023"]
[Site "https://www.chess.com"]
[Date "2023.11.21"]
[Round "8"]
[White "Toniutti, Ezio"]
[Black "Skaric, Djuro"]
[Result "0-1"]
[Board "85"]
[TimeControl "180+1"]
[WhiteFideId "113034"]
[BlackFideId "934569"]
[WhiteElo "2215"]
[BlackElo "2282"]
[WhiteTeam "ARG"]
[BlackTeam "SRB"]
[WhiteClock "0:00:00"]
[BlackClock "0:00:10"]

1. d4 d6 2. c4 g6 3. Nc3 Bg7 4. e4 Nf6 5. Be2 O-O 6. Bg5 Nc6 7. d5 Ne5 8. h3 h6 9. Be3 c6 10. f4 Ned7 11. Nf3 Nh5 12. O-O Ng3 13. Rf2 Nxe2+ 14. Qxe2 Nb6 15. Rd1 cxd5 16. cxd5 Bd7 17. Bd4 f6 18. e5 fxe5 19. fxe5 Be8 20. e6 Bf6 21. Rdf1 Kg7 22. Bxf6+ Rxf6 23. Nd4 Rc8 24. Rxf6 exf6 25. e7 Qd7 26. Ne6+ Kf7 27. Nf8 Qxe7 28. Ne6 Bd7 29. Qe3 Bxe6 30. dxe6+ Qxe6 31. Qxh6 Rg8 32. Kh1 Nd5 33. Nb5 Ne7 34. Nd4 Qc4 35. Re1 Qxd4 36. Qh7+ Rg7 37. Rxe7+ Kxe7 38. Qxg7+ Ke6 39. Qxb7 Qd1+ 40. Kh2 d5 41. Qxa7 d4 42. Qb6+ Ke5 43. Qc5+ Ke4 44. Qc6+ Kf5 45. Qd5+ Kf4 46. Qd6+ Ke3 47. Qe6+ Kd2 48. Qxf6 Kc1 49. Qc6+ Kxb2 50. a4 d3 51. Qb5+ Ka3 52. a5 d2 53. Qc5+ Kb3 54. Qb5+ Kc2 55. Qc4+ Kb2 56. Qb4+ Kc1 57. a6 Qc2 58. Qa3+ Kb1 59. Qb4+ Kc1 60. Qa3+ Kb1 61. a7 Qc7+ 62. g3 d1=Q 63. Qb4+ Kc1 64. a8=Q Qcc2+ 65. Qg2 Qxg2+ 66. Kxg2 Qe2+ 67. Kg1 Qe3+ 68. Kf1 Qf3+ 69. Ke1 Qxg3+ 70. Ke2 Qg2+ 0-1

[Event "November 21 Late 2023"]
[Site "https://www.chess.com"]
[Date "2023.11.21"]
[Round "8"]
[White "Nita, Lucian"]
[Black "Kovacsy, Barnabas"]
[Result "1-0"]
[Board "86"]
[TimeControl "180+1"]
[WhiteFideId "1206923"]
[BlackFideId "769290"]
[WhiteElo "2066"]
[BlackElo "2130"]
[WhiteTeam "ROU"]
[BlackTeam "HUN"]
[WhiteClock "0:00:30"]
[BlackClock "0:01:46"]

1. e4 c6 2. Nf3 d5 3. d3 dxe4 4. dxe4 Qxd1+ 5. Kxd1 Bg4 6. c3 Nd7 7. Kc2 O-O-O 8. h3 Bxf3 9. gxf3 e5 10. f4 exf4 11. Bxf4 f6 12. Nd2 Ne7 13. Nc4 Ng6 14. Bg3 Nde5 15. Nxe5 Nxe5 16. f4 Ng6 17. h4 Bd6 18. Bh3+ Kc7 19. Raf1 Rhe8 20. h5 Nf8 21. Re1 g6 22. hxg6 hxg6 23. Bg2 Ne6 24. Rh7+ Rd7 25. Rxd7+ Kxd7 26. e5 fxe5 27. fxe5 Bc5 28. Be4 g5 29. b4 Bb6 30. Rh1 Be3 31. Bf5 Re7 32. Kd3 Bf4 33. Bxf4 gxf4 34. Ke4 Rf7 35. Rh6 f3 36. Bxe6+ 1-0

[Event "November 21 Late 2023"]
[Site "https://www.chess.com"]
[Date "2023.11.21"]
[Round "8"]
[White "Osmak, Yuliia"]
[Black "Kujawski, Adam"]
[Result "1-0"]
[Board "87"]
[TimeControl "180+1"]
[WhiteFideId "14101602"]
[BlackFideId "1100920"]
[WhiteElo "2303"]
[BlackElo "2054"]
[WhiteTeam "UKR"]
[BlackTeam "POL"]
[WhiteClock "0:00:24"]
[BlackClock "0:00:00"]

1. Nf3 d5 2. g3 Nc6 3. d4 Bf5 4. Bg2 Nb4 5. Na3 e6 6. O-O Nf6 7. c3 Na6 8. Nc2 h6 9. Ne5 Be7 10. c4 O-O 11. b3 Be4 12. Bb2 Bxg2 13. Kxg2 c5 14. dxc5 Nxc5 15. Ne3 dxc4 16. N3xc4 Qd5+ 17. Qxd5 Nxd5 18. Rac1 Rac8 19. Ba3 Rfe8 20. Rfd1 b5 21. Na5 b4 22. Bb2 Ne4 23. Nac6 Bc5 24. Nd4 Nec3 25. Bxc3 Nxc3 26. Rd2 Bxd4 27. Rxd4 Nxa2 28. Rxc8 Rxc8 29. Rd7 f6 30. Nc4 Nc1 31. Nd6 Rc2 32. Rxa7 Nxb3 33. Ne8 1-0

[Event "November 21 Late 2023"]
[Site "https://www.chess.com"]
[Date "2023.11.21"]
[Round "8"]
[White "Maisuradze, Nino"]
[Black "Serban, Cristian-Stefan"]
[Result "0-1"]
[Board "88"]
[TimeControl "180+1"]
[WhiteFideId "13601717"]
[BlackFideId "1241443"]
[WhiteElo "2108"]
[BlackElo "2028"]
[WhiteTeam "FRA"]
[BlackTeam "ROU"]
[WhiteClock "0:00:20"]
[BlackClock "0:00:49"]

1. b3 e5 2. Bb2 Nc6 3. e4 Nf6 4. Nc3 a6 5. Nf3 Bc5 6. h3 d6 7. Nd5 Nxe4 8. d4 exd4 9. Qe2 O-O 10. O-O-O Re8 11. Re1 Bf5 12. g4 Bg6 13. Bg2 Qd7 14. Qf1 d3 15. Ne3 dxc2 16. Nh4 Nb4 17. Nxg6 Nxa2+ 18. Kxc2 Nb4+ 19. Kc1 fxg6 20. Qc4+ d5 21. Nxd5 Qxd5 22. Qxd5+ Nxd5 23. Bxe4 c6 24. Rhf1 Nf4 25. h4 Rad8 26. f3 Bb4 27. Re2 Nxe2+ 0-1

[Event "November 21 Late 2023"]
[Site "https://www.chess.com"]
[Date "2023.11.21"]
[Round "8"]
[White "Todorovic, Bojan"]
[Black "FuenfgegenWilly"]
[Result "1-0"]
[Board "89"]
[TimeControl "180+1"]
[WhiteFideId "917087"]
[WhiteElo "2266"]
[BlackElo "2478"]
[WhiteTeam "SRB"]
[WhiteClock "0:00:32"]
[BlackClock "0:00:18"]

1. d4 d5 2. c4 e5 3. dxe5 d4 4. a3 Nc6 5. e3 dxe3 6. Qxd8+ Kxd8 7. Bxe3 Nxe5 8. Nc3 Be6 9. b3 a5 10. Nf3 Nxf3+ 11. gxf3 Nf6 12. O-O-O+ Kc8 13. Kb2 Bd6 14. c5 Be7 15. Rg1 Nh5 16. Nd5 Bh4 17. Bc4 Rd8 18. Rg4 Bxd5 19. Rxd5 Rxd5 20. Bxd5 Bf6+ 21. Kc2 c6 22. Bxf7 g6 23. Bg8 Be7 24. Re4 Kd7 25. Bxh7 Nf6 26. Rd4+ Ke6 27. Bxg6 Rh8 28. f4 Bxc5 29. f5+ Ke5 30. f4# 1-0

[Event "November 21 Late 2023"]
[Site "https://www.chess.com"]
[Date "2023.11.21"]
[Round "8"]
[White "Rangel, Daniel"]
[Black "Padalka, Artem"]
[Result "1-0"]
[Board "90"]
[TimeControl "180+1"]
[WhiteFideId "2124475"]
[BlackFideId "14118637"]
[WhiteElo "2267"]
[BlackElo "2056"]
[WhiteTeam "BRA"]
[BlackTeam "POL"]
[WhiteClock "0:00:09"]
[BlackClock "0:00:17"]

1. d4 d5 2. c4 e6 3. cxd5 exd5 4. Nc3 Nf6 5. Bf4 Bd6 6. Bxd6 Qxd6 7. e3 O-O 8. Bd3 Re8 9. Nge2 c6 10. Qc2 Na6 11. a3 Nc7 12. h3 Ne6 13. Ng3 g6 14. O-O Ng5 15. f4 Rxe3 16. Qf2 Rxd3 17. fxg5 Qxg3 18. Qxf6 Be6 19. Rae1 Qd6 20. Re5 Rd2 21. Ne2 Rxb2 22. Nf4 Rf8 23. h4 Rd2 24. h5 Qd8 25. Rxe6 fxe6 26. Qxe6+ Kh8 27. Qe5+ Kg8 28. Qe6+ Kh8 29. Qe5+ Kg8 30. hxg6 hxg6 31. Qe6+ Kh8 32. Qxg6 Qe7 33. Rf3 Qg7 34. Rh3+ Kg8 35. Qe6+ Rf7 36. g6 Rd1+ 37. Kh2 Kf8 38. gxf7 Qxf7 39. Rh8+ Kg7 40. Rh7+ Kxh7 41. Qxf7+ Kh8 42. Ng6# 1-0

[Event "November 21 Late 2023"]
[Site "https://www.chess.com"]
[Date "2023.11.21"]
[Round "8"]
[White "Shton, Roman"]
[Black "Eggleston, Thomas A"]
[Result "0-1"]
[Board "91"]
[TimeControl "180+1"]
[WhiteFideId "14137461"]
[BlackFideId "412139"]
[WhiteElo "2027"]
[BlackElo "2169"]
[WhiteTeam "UKR"]
[BlackTeam "ENG"]
[WhiteClock "0:00:41"]
[BlackClock "0:00:11"]

1. d4 e6 2. Nf3 f5 3. Nc3 Nf6 4. Bg5 Bb4 5. Qd3 d5 6. a3 Bxc3+ 7. Qxc3 O-O 8. e3 b6 9. Bf4 c5 10. dxc5 Ne4 11. Qb3 Nxc5 12. Qc3 a5 13. Be2 Ba6 14. b4 Bxe2 15. bxc5 Bxf3 16. gxf3 Nc6 17. Rg1 Rf7 18. Bh6 d4 19. Qc4 Ne5 20. Qxe6 Nxf3+ 21. Ke2 Nxg1+ 22. Rxg1 Kf8 23. Bg5 Qd7 24. Qxb6 dxe3 25. fxe3 f4 26. c6 f3+ 27. Kf2 Qd2+ 28. Kg3 f2 29. Qc5+ Kg8 30. Rf1 Qe2 31. c7 Qxf1 32. c8=Q+ Rxc8 33. Qxc8+ Rf8 34. Qc4+ Qxc4 0-1

[Event "November 21 Late 2023"]
[Site "https://www.chess.com"]
[Date "2023.11.21"]
[Round "8"]
[White "topce"]
[Black "Silvestre, Christian"]
[Result "0-1"]
[Board "92"]
[TimeControl "180+1"]
[BlackFideId "30956269"]
[WhiteElo "2449"]
[BlackElo "2337"]
[BlackTeam "USA"]
[WhiteClock "0:00:10"]
[BlackClock "0:00:28"]

1. c4 c5 2. Nc3 d6 3. g3 Nc6 4. Bg2 Nf6 5. d3 g6 6. Bf4 Bg7 7. Qd2 O-O 8. Bh6 Re8 9. h4 Bh8 10. h5 e6 11. Bg5 Qd7 12. hxg6 fxg6 13. Nf3 b6 14. O-O-O Bb7 15. Rh4 Nd4 16. Rdh1 Nxf3 17. exf3 Re7 18. Ne4 Rf8 19. Bxf6 Bxf6 20. Nxf6+ Rxf6 21. Re1 Bxf3 22. Bxf3 Rxf3 23. Rhe4 e5 24. R1e2 Ref7 25. b3 Qf5 26. g4 Qf6 27. Kb2 Rxf2 28. Rxf2 Qxf2 29. Re2 Qd4+ 30. Ka3 Qxg4 31. Rg2 Qf4 32. Qe2 Qf3 33. Qc2 Rf4 34. d4 Qe4 35. dxe5 Qxc2 36. Rxc2 dxe5 37. Rd2 Rf7 38. Rd8+ Kg7 39. Re8 Kf6 40. Ka4 Re7 41. Rxe7 Kxe7 42. Kb5 e4 43. Ka6 e3 44. Kxa7 e2 45. Kxb6 e1=Q 46. Kxc5 Qa5+ 47. Kc6 Qxa2 48. c5 Qxb3 49. Kc7 Qd5 50. c6 Qd6+ 51. Kb6 Kd8 52. Kb7 Qc7+ 53. Ka8 Qxc6+ 54. Kb8 Qb5+ 55. Ka7 Qb1 56. Ka6 Kc7 57. Ka5 Kc6 58. Ka4 Kc5 59. Ka3 Kc4 0-1

[Event "November 21 Late 2023"]
[Site "https://www.chess.com"]
[Date "2023.11.21"]
[Round "8"]
[White "gpsji27"]
[Black "Joie, Sebastien"]
[Result "0-1"]
[Board "93"]
[TimeControl "180+1"]
[BlackFideId "650420"]
[WhiteElo "2333"]
[BlackElo "2396"]
[BlackTeam "FRA"]
[WhiteClock "0:00:14"]
[BlackClock "0:00:07"]

1. d4 d5 2. Nc3 Nf6 3. Bg5 e6 4. e4 dxe4 5. Nxe4 Be7 6. Bxf6 Bxf6 7. Nf3 O-O 8. c3 b6 9. Bd3 Bb7 10. Qe2 Nd7 11. O-O-O Qe7 12. h4 c5 13. dxc5 Nxc5 14. Nxc5 Qxc5 15. Kb1 Rfd8 16. Ng5 g6 17. Ne4 Bxe4 18. Bxe4 Rxd1+ 19. Rxd1 Rc8 20. g3 b5 21. Qe3 Qc7 22. Qf3 Bg7 23. a3 a5 24. Qf4 b4 25. Qxc7 Rxc7 26. axb4 axb4 27. cxb4 Rc4 28. Rd8+ Bf8 29. Bd3 Rxb4 30. Kc2 Kg7 31. b3 Be7 32. Rd7 Bf6 33. Bc4 Rb6 34. Kd3 Kf8 35. Ke4 Ke8 36. Ra7 Rd6 37. Kf3 Bd4 38. Ra8+ Ke7 39. Ra2 Bc5 40. Re2 Kd7 41. Re5 Kc6 42. Ke2 Rd4 43. f3 Rd8 44. g4 Ra8 45. h5 Ra2+ 46. Kd3 Rf2 47. Ke4 Rh2 48. hxg6 hxg6 49. Kf4 Bd6 50. Bb5+ Kc7 51. Bc4 Rh1 52. Ke4 Re1+ 53. Kf4 Bxe5+ 54. Kg5 Re3 55. Kh6 Bf4+ 56. Kh7 Rxf3 57. Kg8 Be5 58. Kf8 Kd6 59. Bxe6 fxe6+ 60. Ke8 Rxb3 61. g5 Bf4 62. Kf7 Bxg5 63. Kxg6 Bf4 64. Kf7 Be5 65. Ke8 Ba1 66. Kf7 e5 67. Ke8 e4 68. Kf7 Rb6 69. Ke8 Ke6 70. Kd8 Rc6 71. Ke8 Rc8# 0-1

[Event "November 21 Late 2023"]
[Site "https://www.chess.com"]
[Date "2023.11.21"]
[Round "8"]
[White "DraningWaterHi"]
[Black "Jimenez Ruano, Adrian"]
[Result "1-0"]
[Board "94"]
[TimeControl "180+1"]
[BlackFideId "22276050"]
[WhiteElo "2150"]
[BlackElo "2215"]
[BlackTeam "ESP"]
[WhiteClock "0:00:19"]
[BlackClock "0:00:05"]

1. d4 d5 2. Bf4 c5 3. e3 Nc6 4. Nf3 Nf6 5. c3 Qb6 6. Qb3 c4 7. Qc2 Bf5 8. Qc1 e6 9. Nh4 Bg4 10. f3 Bh5 11. g4 Bg6 12. Nxg6 hxg6 13. Nd2 Be7 14. Be2 e5 15. dxe5 Nd7 16. e4 Bh4+ 17. Kd1 g5 18. exd5 Na5 19. e6 fxe6 20. dxe6 Qc6 21. exd7+ Kf7 22. Be3 Qxd7 23. Kc2 Rhe8 24. Nxc4 Bf2 25. Rd1 Qc7 26. b3 b5 27. Nd6+ Kg8 28. Nxe8 Rxe8 29. Bxf2 Rxe2+ 30. Rd2 Re6 31. Bg3 Qf7 32. Qd1 Re3 33. Rd3 Qg6 34. Qd2 Rxf3 35. Rd1 Nc4 36. Qe2 Ne3+ 37. Kc1 Nxd1 38. Qxf3 Nxc3 39. Rxc3 Qb6 40. Rc8+ Kh7 41. Qf5+ g6 42. Qf7+ Kh6 43. Rh8# 1-0

[Event "November 21 Late 2023"]
[Site "https://www.chess.com"]
[Date "2023.11.21"]
[Round "8"]
[White "Yushko, Olga"]
[Black "Swicarz, Maciej"]
[Result "1-0"]
[Board "95"]
[TimeControl "180+1"]
[WhiteFideId "14114500"]
[BlackFideId "1113585"]
[WhiteElo "2028"]
[BlackElo "2127"]
[WhiteTeam "UKR"]
[BlackTeam "POL"]
[WhiteClock "0:00:26"]
[BlackClock "0:00:03"]

1. d4 Nf6 2. c4 e6 3. Nc3 Bb4 4. Qc2 O-O 5. Nf3 c5 6. dxc5 Na6 7. a3 Bxc3+ 8. Qxc3 Nxc5 9. g3 b6 10. Bg2 Bb7 11. O-O d5 12. Bg5 Nce4 13. Bxf6 Qxf6 14. Qxf6 Nxf6 15. cxd5 Bxd5 16. Rac1 Rac8 17. Nd4 Bxg2 18. Kxg2 Rcd8 19. Nc6 Rd7 20. Rfd1 Rc7 21. Nd4 Rb7 22. Nb5 g5 23. Rd2 Kg7 24. Rcd1 a6 25. Nd6 Rc7 26. e4 b5 27. f4 h6 28. Kf2 Kg6 29. e5 Nd5 30. f5+ Kg7 31. h4 gxh4 32. gxh4 Nf4 33. Kf3 Nd5 34. Rg1+ Kh7 35. f6 Rg8 36. Rdg2 Rxg2 37. Rxg2 h5 38. Rg7+ 1-0

[Event "November 21 Late 2023"]
[Site "https://www.chess.com"]
[Date "2023.11.21"]
[Round "8"]
[White "Martins, Vinicius Tine"]
[Black "Saim, Mohamed Ilias"]
[Result "0-1"]
[Board "96"]
[TimeControl "180+1"]
[WhiteFideId "2112884"]
[BlackFideId "7900465"]
[WhiteElo "2373"]
[BlackElo "2063"]
[WhiteTeam "BRA"]
[BlackTeam "ALG"]
[WhiteClock "0:00:09"]
[BlackClock "0:00:03"]

1. d4 Nf6 2. Bf4 d5 3. Nf3 c5 4. e3 Nc6 5. Nbd2 Bf5 6. c3 Qb6 7. Qb3 c4 8. Qxb6 axb6 9. a3 b5 10. Rc1 Nh5 11. Bg3 Nxg3 12. hxg3 h6 13. Be2 e6 14. Bd1 Bg4 15. Bc2 f5 16. Nh4 Bd6 17. Ng6 Rg8 18. f3 Bxg3+ 19. Ke2 Kf7 20. Nf4 g5 21. fxg4 gxf4 22. gxf5 Rh8 23. Nf1 exf5 24. Kf3 Rae8 25. Bxf5 Kf6 26. Bc2 Kg5 27. Rd1 Rhf8 28. Nxg3 fxg3+ 29. Kxg3 Rxe3+ 30. Kh2 Re2 31. Bb1 Rff2 32. Rhg1 Rxb2 33. Rde1 Rbe2 34. Rxe2 Rxe2 35. Rf1 Re3 36. Rf5+ Kg4 37. Rxd5 Rxc3 38. Rxb5 Rxa3 39. Rxb7 Nxd4 40. Rb4 Rc3 41. Ba2 Rc2 42. Bxc4 Nf3+ 43. Kh1 Rc1+ 44. Bf1+ Kg3 45. gxf3 Rxf1# 0-1

[Event "November 21 Late 2023"]
[Site "https://www.chess.com"]
[Date "2023.11.21"]
[Round "8"]
[White "Dias, Joao Batista"]
[Black "Jesseinkman"]
[Result "1-0"]
[Board "97"]
[TimeControl "180+1"]
[WhiteFideId "2108240"]
[WhiteElo "1907"]
[BlackElo "2470"]
[WhiteTeam "BRA"]
[WhiteClock "0:01:56"]
[BlackClock "0:01:52"]

1. e4 e5 2. Nf3 d6 3. d4 Nd7 4. dxe5 dxe5 5. h3 Ngf6 6. Bd3 Bc5 7. O-O O-O 8. Qe2 h6 9. Be3 Qe7 10. Bxc5 Nxc5 11. Nbd2 Ne6 12. Nc4 Nf4 13. Qe3 Nd7 14. Rfe1 b5 15. Ncxe5 Nxh3+ 16. gxh3 Nxe5 17. Nxe5 Qxe5 18. f4 Qxb2 19. Rab1 Qxa2 20. Rxb5 Ba6 21. Rc5 Bxd3 22. cxd3 Rab8 23. Re2 Rb1+ 24. Kg2 Rb2 25. Rxb2 Qxb2+ 26. Kf3 Qh2 27. Rxc7 Qxh3+ 28. Ke2 Rb8 29. Qxh3 1-0

[Event "November 21 Late 2023"]
[Site "https://www.chess.com"]
[Date "2023.11.21"]
[Round "8"]
[White "Martins, Bruno Andre Leite"]
[Black "Jarocka, Liwia"]
[Result "1-0"]
[Board "98"]
[TimeControl "180+1"]
[WhiteFideId "1942255"]
[BlackFideId "21807558"]
[WhiteElo "2307"]
[BlackElo "2001"]
[WhiteTeam "POR"]
[BlackTeam "POL"]
[WhiteClock "0:00:06"]
[BlackClock "0:00:13"]

1. d4 Nf6 2. Nf3 e6 3. c4 d5 4. g3 Bb4+ 5. Bd2 Be7 6. Bg2 O-O 7. O-O c6 8. Qc2 b6 9. Nc3 Bb7 10. e4 dxe4 11. Nxe4 Nxe4 12. Qxe4 Nd7 13. Rad1 Nf6 14. Qc2 Qc8 15. Rfe1 Re8 16. Ng5 h6 17. Ne4 c5 18. dxc5 Nxe4 19. Bxe4 Bxe4 20. Qxe4 Qxc5 21. Bc3 Rac8 22. b3 Bf8 23. Rd7 Rc7 24. Red1 Rec8 25. Qf3 Qf5 26. Qxf5 exf5 27. Rxc7 Rxc7 28. Rd8 a5 29. Bb2 f6 30. Ba3 Rf7 31. Kg2 g5 32. Kf3 Kg7 33. Bxf8+ Rxf8 34. Rxf8 Kxf8 35. Ke3 Ke7 36. Kd4 Kd6 37. a3 h5 38. b4 Kc6 39. h3 Kd6 40. bxa5 bxa5 41. a4 Kc6 42. c5 Kc7 43. Kd5 Kd7 44. c6+ Kc7 45. Kc5 f4 46. gxf4 g4 47. h4 f5 48. Kb5 1-0

[Event "November 21 Late 2023"]
[Site "https://www.chess.com"]
[Date "2023.11.21"]
[Round "8"]
[White "Maect19"]
[Black "Minko, Dmitry"]
[Result "0-1"]
[Board "99"]
[TimeControl "180+1"]
[BlackFideId "24188468"]
[WhiteElo "2342"]
[BlackElo "1992"]
[BlackTeam "FID"]
[WhiteClock "0:00:08"]
[BlackClock "0:00:18"]

1. d4 d5 2. Nf3 Nf6 3. e3 e6 4. Bd3 a6 5. O-O c5 6. b3 Nc6 7. Bb2 Be7 8. Nbd2 O-O 9. a3 b5 10. dxc5 Bxc5 11. e4 dxe4 12. Nxe4 Nxe4 13. Bxe4 Bb7 14. Qe2 Qe7 15. Rfd1 Rfd8 16. b4 Bb6 17. c4 bxc4 18. Qxc4 Rac8 19. Qe2 Rxd1+ 20. Rxd1 Rd8 21. h3 a5 22. b5 Nb8 23. Rxd8+ Bxd8 24. a4 Bb6 25. Bxb7 Qxb7 26. Qe5 Kf8 27. Qxg7+ Ke8 28. Bf6 Nd7 29. Ne5 Nxf6 30. Qxf6 Bc5 31. Nc6 Qd7 32. Qh8+ Bf8 33. Qxh7 Qd1+ 34. Kh2 Qe2 35. f3 Bd6+ 36. Kg1 Qe1# 0-1

[Event "November 21 Late 2023"]
[Site "https://www.chess.com"]
[Date "2023.11.21"]
[Round "8"]
[White "Gutkin, Ilya"]
[Black "Rose, Felix"]
[Result "1-0"]
[Board "100"]
[TimeControl "180+1"]
[WhiteFideId "16203470"]
[BlackFideId "5105722"]
[WhiteElo "2248"]
[BlackElo "2039"]
[WhiteTeam "GER"]
[BlackTeam "MEX"]
[WhiteClock "0:02:34"]
[BlackClock "0:00:54"]

1. d4 d5 2. c4 e6 3. Nc3 Nf6 4. Nf3 Be7 5. Bf4 O-O 6. e3 b6 7. Rc1 c5 8. Be2 Bb7 9. O-O Nc6 10. cxd5 Nxd5 11. Nxd5 Qxd5 12. dxc5 Qxd1 13. Rfxd1 Bxc5 14. Rd7 Bc8 15. Rc7 Nb8 16. b4 1-0

[Event "November 21 Late 2023"]
[Site "https://www.chess.com"]
[Date "2023.11.21"]
[Round "8"]
[White "Melikhov, Evgeny V."]
[Black "Gerbelli Neto, Eduardo"]
[Result "0-1"]
[Board "101"]
[TimeControl "180+1"]
[WhiteFideId "4122046"]
[BlackFideId "2103281"]
[WhiteElo "2165"]
[BlackElo "2178"]
[WhiteTeam "GRE"]
[BlackTeam "BRA"]
[WhiteClock "0:00:00"]
[BlackClock "0:00:35"]

1. d4 d5 2. c4 c6 3. Nc3 Nf6 4. e3 e6 5. Nf3 Nbd7 6. Bd3 dxc4 7. Bxc4 b5 8. Bd3 a6 9. e4 c5 10. d5 Bb7 11. dxe6 fxe6 12. O-O c4 13. Bc2 Qc7 14. Ng5 Qc6 15. Qf3 h6 16. Qh3 hxg5 17. Qxh8 Kf7 18. Qh3 g4 19. Qg3 Bd6 20. Bf4 Nh5 21. Qxg4 Nxf4 22. e5 Bxe5 23. Be4 Qc7 24. Bxb7 Qxb7 25. Rfe1 Nf6 26. Qg5 Bc7 27. Rad1 Rh8 28. h4 Rh5 29. Qg3 Ne2+ 30. Nxe2 Bxg3 31. Nxg3 Rxh4 32. f3 Qb6+ 33. Kf1 Nd5 34. Rxd5 exd5 35. Re5 Qd4 0-1

[Event "November 21 Late 2023"]
[Site "https://www.chess.com"]
[Date "2023.11.21"]
[Round "8"]
[White "Butti, Enrique"]
[Black "Zakarian, David"]
[Result "1-0"]
[Board "102"]
[TimeControl "180+1"]
[WhiteFideId "3700470"]
[BlackFideId "13301276"]
[WhiteElo "2080"]
[BlackElo "2286"]
[WhiteTeam "PAR"]
[BlackTeam "ARM"]
[WhiteClock "0:01:14"]
[BlackClock "0:00:09"]

1. Nf3 d5 2. c4 e6 3. d4 Nf6 4. e3 Be7 5. Nc3 O-O 6. b3 c5 7. Bb2 cxd4 8. exd4 b6 9. Bd3 dxc4 10. bxc4 Bb7 11. O-O Nc6 12. Qe2 Nxd4 13. Nxd4 Qxd4 14. Nd5 Qc5 15. Bxf6 gxf6 16. Qg4+ Kh8 17. Qh4 f5 18. Nxe7 Qe5 19. c5 Rad8 20. c6 Ba8 21. Rad1 Rd4 22. Qh6 Re8 23. c7 Bb7 24. Bb5 Rg8 25. Nxg8 Kxg8 26. Qg5+ Kf8 27. Rxd4 Qxd4 28. Qd8+ 1-0

[Event "November 21 Late 2023"]
[Site "https://www.chess.com"]
[Date "2023.11.21"]
[Round "8"]
[White "Vila Dupla, Aurelio"]
[Black "hristos03"]
[Result "0-1"]
[Board "103"]
[TimeControl "180+1"]
[WhiteFideId "2203383"]
[WhiteElo "2009"]
[BlackElo "2381"]
[WhiteTeam "ESP"]
[WhiteClock "0:00:05"]
[BlackClock "0:01:07"]

1. Nf3 Nf6 2. d4 e6 3. g3 c5 4. c4 d5 5. cxd5 exd5 6. Bg2 c4 7. O-O Be7 8. b3 cxb3 9. Qxb3 O-O 10. Ba3 Nc6 11. Bxe7 Qxe7 12. e3 Bf5 13. Nc3 Rfd8 14. Rfd1 h6 15. Rac1 Rab8 16. Ne2 Be4 17. Nc3 Bf5 18. Qa4 Ne4 19. Ne2 Bg4 20. Rc2 Qf6 21. Nf4 g5 22. Nxd5 Rxd5 23. Ne1 Bxd1 24. Bxe4 Bxc2 25. Qxc2 Rdd8 0-1

[Event "November 21 Late 2023"]
[Site "https://www.chess.com"]
[Date "2023.11.21"]
[Round "8"]
[White "Figorito, Nick"]
[Black "zano2023"]
[Result "1-0"]
[Board "104"]
[TimeControl "180+1"]
[WhiteFideId "30923689"]
[WhiteElo "2369"]
[BlackElo "2214"]
[WhiteTeam "USA"]
[WhiteClock "0:00:03"]
[BlackClock "0:00:05"]

1. Nf3 d6 2. g3 e5 3. Bg2 Nf6 4. O-O Be7 5. c4 O-O 6. Nc3 Re8 7. d3 c6 8. Rb1 Nbd7 9. b4 d5 10. b5 Bd6 11. bxc6 bxc6 12. cxd5 cxd5 13. Bg5 h6 14. Bd2 Nb6 15. Nb5 Bc5 16. Ba5 Qe7 17. Nxe5 Bxf2+ 18. Rxf2 Qxe5 19. Bc3 Qe7 20. Bxf6 gxf6 21. Qc1 Kg7 22. Nc7 Be6 23. Nxa8 Rxa8 24. Qf4 Rc8 25. e4 dxe4 26. Bxe4 f5 27. Bxf5 Bxf5 28. Qxf5 Rc5 29. Qg4+ Rg5 30. Qd4+ Kg8 31. Rbf1 Rd5 32. Qg4+ Rg5 33. Qh4 Qe3 34. Qe4 Qc5 35. Qe8+ Kh7 36. Qxf7+ Rg7 37. Qf5+ Qxf5 38. Rxf5 Kg6 39. Ra5 Rd7 40. Rd1 Nd5 41. Ra6+ Kg7 42. Rb1 Nb6 43. Rbxb6 axb6 44. Rxb6 Rxd3 45. Rb1 Rd2 46. Ra1 Rd5 47. a4 Ra5 48. Kf2 Kf6 49. Ke3 Ke5 50. Kd3 Kd5 51. Kc3 Kc5 52. Kb3 h5 53. Rc1+ Kb6 54. Rf1 Re5 55. Rf6+ Ka5 56. Rh6 Rf5 57. h4 Re5 58. Kc3 Re3+ 59. Kd4 Rxg3 60. Rxh5+ Kxa4 61. Ke4 Rg4+ 62. Kf3 Rg8 63. Rc5 Kb4 64. Rc1 Rh8 65. Kg4 Rg8+ 66. Kh3 Rh8 67. Kg4 Rg8+ 68. Kh3 Rh8 69. Rg1 Kc4 70. Rg7 Kd5 71. Kg4 Ke5 72. Kg5 Ke6 73. h5 Rf8 74. h6 Rf1 75. h7 Rg1+ 76. Kh6 Rh1+ 77. Kg6 Rg1+ 78. Kh5 Rh1+ 79. Kg4 Rg1+ 80. Kf4 Rxg7 81. h8=Q Rf7+ 82. Ke4 Re7 83. Qg8+ Kd7+ 84. Kd5 Re8 85. Qf7+ Re7 86. Qf5+ Ke8 87. Kd6 Re1 88. Qc8+ Kf7 89. Qd7+ Kg6 90. Qg4+ Kf7 91. Qf3+ Ke8 92. Qc6+ Kf7 93. Qc4+ Ke8 94. Qg8# 1-0